 Dungeon Crawl Stone Soup version 0.27-a0-1242-ge70438ac7b (webtiles) character file.

Game seed: 743282890456252124

790 Delamore the Twirler (level 8, -7/62 HPs)
             Began as a Formicid Fighter on June 8, 2021.
             Was a Believer of Okawaru.
             Mangled by Ijyb
             ... wielding a +0 club
              (8 damage)
             ... on level 4 of the Dungeon.
             The game lasted 00:05:47 (4906 turns).

Delamore the Twirler (Formicid Fighter)             Turns: 4906, Time: 00:05:47

Health: -7/62      AC:  6    Str: 24    XL:     8   Next: 12%
Magic:  10/10      EV:  8    Int:  7    God:    Okawaru [**....]
Gold:   459        SH: 10    Dex:  7    Spells: 7/7 levels left

rFire    + . .     SeeInvis +   g - +0 lajatang
rCold    . . .     Faith    .   c - +1 kite shield
rNeg     . . .     Spirit   .   j - +1 ring mail {rF+}
rPois    .         Reflect  .   (helmet unavailable)
rElec    .         Harm     .   (no cloak)
rCorr    .         Rampage  .   (no gloves)
Will     +....                  (no boots)
Stlth    ..........             (no amulet)
HPRegen  0.20/turn              b - ring "Qiprow" {Wiz Will+ Dex-3 Slay+3}
MPRegen  0.12/turn              (no ring)

@: no status effects
A: permanent stasis, dig shafts and tunnels, antennae 3, four strong arms
a: Dig, Shaft Self, Renounce Religion, Heroism


You were on level 4 of the Dungeon.
You worshipped Okawaru.
Okawaru was pleased with you.
You visited 1 branch of the dungeon, and saw 4 of its levels.
You also visited: Ossuary.

You collected 459 gold pieces.

Inventory:

Hand Weapons
 a - a +0 trident
 g - a +0 lajatang (weapon)
Missiles
 e - 6 javelins
 l - 4 boomerangs (quivered)
 m - 9 poisoned darts
Armour
 c - a +1 kite shield (worn)
 j - a +1 ring mail of fire resistance (worn)
Jewellery
 b - the ring "Qiprow" (left hand) {Wiz Will+ Dex-3 Slay+3}
   (You acquired it on level 4 of the Dungeon)

   [ring of wizardry]

   It improves your spell success rate.
   It affects your dexterity (-3).
   It affects your accuracy and damage with ranged weapons and melee attacks
   (+3).
   It increases your willpower.
Wands
 k - a wand of flame (7)
 o - a wand of digging (2)
Scrolls
 f - 2 scrolls of identify
Potions
 d - a potion of might
 i - a potion of haste
 n - a potion of resistance
 p - a potion of ambrosia {unknown}


   Skills:
 - Level 5.0 Fighting
 - Level 3.2(5.3) Polearms
 + Level 6.6(7.0) Staves
 - Level 3.2 Armour
 - Level 3.6 Shields
 - Level 3.0 Invocations


You had 7 spell levels left.
You didn't know any spells.
Your spell library contained the following spells:

 Spells                   Type           Power      Damage    Failure   Level
 Corona                   Hex            0%         N/A       63%         1
 Ensorcelled Hibernation  Hex/Ice        0%         N/A       77%         2
 Confusing Touch          Hex            0%         N/A       92%         3
 Dazzling Flash           Conj/Hex       0%         N/A       92%         3
 Tukima's Dance           Hex            0%         N/A       92%         3


Dungeon Overview and Level Annotations

Branches:
Dungeon (4/15)            Ossuary (visited)
 Temple: D:4-7

Altars:
Cheibriados
Dithmenos
Okawaru
Vehumet
Wu Jian

Shops:
D:1 (

Annotations:
D:4 Ijyb


Innate Abilities, Weirdness & Mutations

You cannot be hasted, slowed, berserked, paralysed or teleported.
You can dig through walls and to a lower floor.
You have a pair of large antennae on your head. (SInv)
Your four strong arms can wield two-handed weapons with a shield.


Message History

There are monsters nearby!
You barely miss the black bear.
The black bear is almost dead.
The jackal bites you but does no damage.
The black bear barely misses you. You block the black bear's attack. x2
Ijyb zaps a wand.
The bolt of acid hits you!
You are splashed with acid!!
* * * LOW HITPOINT WARNING * * *
You block the jackal's attack.
You feel much better. The black bear barely misses you.
You block the black bear's attack. x2; Ijyb hits you with a +0 club.
The jackal barely misses you. The black bear bites you!
* * * LOW HITPOINT WARNING * * *
The black bear claws you.
* * * LOW HITPOINT WARNING * * *
The black bear claws you.
* * * LOW HITPOINT WARNING * * *
Okay, then.
You feel much better. The black bear bites you! The black bear claws you.
You block the black bear's attack. You block the jackal's attack.
Ijyb hits you with a +0 club.
* * * LOW HITPOINT WARNING * * *
Okay, then.
Are you sure you want to shaft yourself?
The black bear bites you.
* * * LOW HITPOINT WARNING * * *
The black bear claws you but does no damage.
The black bear claws you.
* * * LOW HITPOINT WARNING * * *
The jackal closely misses you. Ijyb hits you but does no damage.
You block the black bear's attack. x2
The black bear claws you but does no damage.
You block the jackal's attack.
You begin to dig a shaft.
You continue digging a shaft.
The black bear bites you!
* * * LOW HITPOINT WARNING * * *
The black bear claws you but does no damage.
The black bear claws you.
* * * LOW HITPOINT WARNING * * *
Ijyb hits you with a +0 club!
You die...

##.#...###..........
####..##...........
.......#.....##
.##.....#......#..
#........†.......#
.........†...####.##
...........†.## ...##
.......>..##..#......
..........#.@h......
...........hg#....#
....##.##.##.# ....
#... ###.. .# ... ##
### .. ... #..# ...


You could see a black bear (berserk), Ijyb (strong) and a jackal.

Vanquished Creatures
  Pikel (D:4)
  A phantom (D:4)
  A human zombie (Ossuary)
  A hound (D:4)
  An iguana (D:3)
  3 mummies
  4 gnolls (D:3)
  2 adders
  An ufetubus (D:3)
  2 worms
  A dart slug (D:2)
  13 orcs
  6 ball pythons
  8 endoplasms
  4 giant cockroaches
  3 gnoll zombies (Ossuary)
  9 goblins
  9 hobgoblins
  2 jackals (D:4)
  10 kobolds
  3 quokkas
  11 bats
  2 frilled lizards (D:3)
  5 goblin zombies (Ossuary)
  6 hobgoblin zombies
  An orc zombie (D:4)
  2 rats
112 creatures vanquished.

Notes
Turn   | Place    | Note
-------+----------+-------------------------------------------
     0 | D:1      | Delamore the Formicid Fighter began the quest for the Orb.
     0 | D:1      | Reached XP level 1. HP: 18/18 MP: 1/1
   143 | D:1      | Reached XP level 2. HP: 24/24 MP: 2/2
   155 | D:1      | Found Ruul's Antique Weapon Shoppe.
   225 | D:1      | Found a faded altar of an unknown god.
   231 | D:1      | Became a worshipper of Warmaster Okawaru
   231 | D:1      | Reached * piety under Okawaru
   622 | D:1      | Reached XP level 3. HP: 30/30 MP: 3/3
  1795 | D:2      | Reached XP level 4. HP: 35/37 MP: 4/4
  2047 | D:2      | Found an ornate altar of the Wu Jian Council.
  2325 | D:3      | Reached skill level 1 in Staves
  3164 | D:3      | Reached XP level 5. HP: 43/43 MP: 5/5
  3194 | D:3      | Found a radiant altar of Vehumet.
  3440 | D:3      | Found a snail-covered altar of Cheibriados.
  3547 | D:3      | Reached skill level 2 in Staves
  3547 | D:3      | Reached skill level 1 in Invocations
  4079 | D:4      | Identified a scroll of acquirement
  4079 | D:4      | Acquired the ring "Qiprow" {Wiz Will+ Dex-3 Slay+3}
  4088 | D:4      | Reached XP level 6. HP: 47/50 MP: 7/7
  4140 | D:4      | Found a sand-covered staircase.
  4145 | D:4      | Reached skill level 5 in Fighting
  4147 | Ossuary  | Entered an ossuary
  4203 | Ossuary  | Reached ** piety under Okawaru
  4204 | Ossuary  | Reached skill level 3 in Staves
  4548 | D:4      | Noticed Pikel
  4564 | D:4      | Reached XP level 7. HP: 46/56 MP: 9/9
  4576 | D:4      | Killed Pikel
  4577 | D:4      | Reached skill level 6 in Staves
  4577 | D:4      | Reached XP level 8. HP: 24/62 MP: 10/10
  4784 | D:4      | Found a shadowy altar of Dithmenos.
  4896 | D:4      | Noticed Ijyb
  4906 | D:4      | HP: 2/62 [black bear (7)]
  4906 | D:4      | Mangled by Ijyb

Illustrated notes

Levels and vault maps discovered:
D:1:      giann_forest_graveyard, layout_basic, serial_rivers,
          chequers_serial_rivers_small_b, chequers_serial_rivers_micro_a,
          chequers_serial_rivers_room_b, chequers_serial_rivers_micro_e,
          serial_shops, nicolae_shop_competitors_out_of_business,
          shapermc_ecumenical_altar_venn, minmay_misc_feat_hallway
D:2:      layout_basic, basic_altar
D:3:      layout_loops_corners, marbit_many_paths, vehumet_altar_wand_db,
          kennysheep_generic_room_8
D:4:      layout_cave_pools, nicolae_dithmenos_shadow_blocks,
          grunt_gozag_breadcrumbs, nicolae_ossuary_entry_giza, uniq_ijyb,
          uniq_pikel

Skill      XL: |  1  2  3  4  5  6  7 |
---------------+----------------------+-----
Polearms       | 3 |  3.2
Fighting       | 4 5 |  5.0
Staves         | 1 2 3 6 |  6.6
Invocations    | 2 3 |  3.0
Armour         | |  3.2
Shields        | |  3.6

Action                   |  1- 3 |  4- 6 |  7- 9 || total
-------------------------+-------+-------+-------++-------
Melee: Trident           |    19 |       |       ||    19
       Lajatang          |   131 |   192 |    39 ||   362
 Abil: Dig               |       |     4 |     1 ||     5
       Shaft Self        |       |       |     1 ||     1
  Use: Scroll            |     3 |     4 |       ||     7
       Potion            |       |       |     2 ||     2
Armor: Scale mail        |    94 |    30 |       ||   124
       Ring mail         |       |    60 |    18 ||    78
Dodge: Dodged            |    55 |    89 |    29 ||   173
Block: Kite shield       |   100 |   119 |    27 ||   246

Table legend: (Time is in decaauts)
 A = Elapsed time spent in this place.
 B = Non-inter-level travel time spent in this place.
 C = Inter-level travel time spent in this place.
 D = Time resting spent in this place.
 E = Time spent auto-exploring this place.
 F = Levels seen in this place.
 G = Mean time per level.
                   A        B        C        D        E       F      G
               +--------+--------+--------+--------+--------+-----+--------+
         Total |   5077 |   4993 |     84 |    758 |   3252 |   5 | 1015.4 |
       Dungeon |   4764 |   4680 |     84 |    758 |   3031 |   4 | 1191.0 |
       Ossuary |    313 |    313 |      0 |      0 |    221 |   1 |  313.0 |
               +--------+--------+--------+--------+--------+-----+--------+

Top non-repeatable levels by time:
     D:3: 1879 daAuts
     D:1: 1321 daAuts
     D:2: 1015 daAuts
     D:4: 547 daAuts
 Ossuary: 313 daAuts
